 Dungeon Crawl Stone Soup version 0.22.0-25-g7663229ff0 (webtiles) character file.

129 BrotherBolt the Slasher (level 4, -20/41 HPs)
             Began as a Minotaur Monk on Aug 21, 2018.
             Killed from afar by Eustachio (40 damage)
             ... with an exploding inner flame
             ... hexed by the player character
             ... on level 4 of the Dungeon.
             The game lasted 00:08:33 (2138 turns).

BrotherBolt the Slasher (Minotaur Monk)             Turns: 2138, Time: 00:08:41

Health: -20/41     AC:  5    Str: 16    XL:     4   Next: 88%
Magic:  3/3        EV: 12    Int:  7    God:
Gold:   97         SH:  0    Dex: 13    Spells: 3/3 levels left

rFire    . . .     SeeInvis .   h - +3 short sword (speed)
rCold    . . .     Gourm    .   (no shield)
rNeg     . . .     Faith    .   f - +0 ring mail
rPois    .         Spirit   .   (helmet restricted)
rElec    .         Reflect  .   (no cloak)
rCorr    .         Harm     .   (no gloves)
MR       .....                  (no boots)
Stlth    +.........             m - amulet of the acrobat
HPRegen  0.13/turn              (no ring)
MPRegen  0.08/turn              (no ring)

@: hasted, very quick
A: retaliatory headbutt, horns 2
a: no special abilities


You were on level 4 of the Dungeon.
You were not hungry.

You visited 1 branch of the dungeon, and saw 4 of its levels.

You collected 97 gold pieces.

Inventory:

Hand Weapons
 a - a +0 falchion
 h - a +3 short sword of speed (weapon)
Armour
 b - a +0 robe
 f - a +0 ring mail (worn)
Jewellery
 m - an amulet of the acrobat (around neck)
Wands
 l - a wand of iceblast (12)
Scrolls
 n - a scroll of remove curse {unknown}
 p - a scroll of enchant armour {unknown}
 q - a scroll of enchant weapon
Potions
 d - a potion of degeneration
 e - a potion of curing {unknown}
 j - 2 potions of haste
 k - a potion of agility {unknown}
 o - a potion of resistance {unknown}
Comestibles
 c - 7 rations


   Skills:
 + Level 4.6 Fighting
 + Level 1.6(3.2) Short Blades
 + Level 4.6(4.8) Long Blades
 + Level 1.0 Armour
 + Level 4.0 Dodging
 + Level 2.0 Stealth


You had 3 spell levels left.
You didn't know any spells.
Your spell library contained the following spells:

 Spells                   Type           Power        Failure   Level  Hunger
 Flame Tongue             Conj/Fire      #....        65%         1    ##.....
 Throw Flame              Conj/Fire      #.....       80%         2    ###....
 Conjure Flame            Conj/Fire      #.......     95%         3    ####...
 Inner Flame              Hex/Fire       #.......     95%         3    ####...
 Sticky Flame             Conj/Fire      #.......     100%        4    #####..
 Fireball                 Conj/Fire      #.........   100%        5    ######.


Dungeon Overview and Level Annotations

Branches:
Dungeon (4/15)
 Temple: D:4-7

Altars:
Dithmenos
Kikubaaqudgha
Sif Muna
Uskayaw
Yredelemnul


Innate Abilities, Weirdness & Mutations

You reflexively headbutt those who attack you in melee.
You have a pair of horns on your head.


Message History

You completely miss Eustachio.
Eustachio is heavily wounded.
You hit Eustachio.
Eustachio is severely wounded.
Eustachio hits you with a rapier of speed.
You hit Eustachio.
Eustachio is severely wounded.
You puncture Eustachio!
Eustachio is almost dead.
Eustachio hits you but does no damage.
You hit Eustachio.
Eustachio is almost dead.
You hit Eustachio.
Eustachio explodes!
The fiery explosion engulfs the quokka.
You kill the quokka!
The quokka's corpse disappears in a puff of smoke!
The fiery explosion engulfs you!
Ouch! That really hurt!
You die...

#........# #.#.#..###
#.##.#.# #.##.#.# #+##
#......# #...# ####.###
#..... #.#.## #......
#######...r####.......
).........5ยงยง@'.......
#######...r####.....!.
#....# #...... ####.#
#..... #.# #...# #.#
#+## #.# #.# #.#


You could see an iron imp, a quokka and a rat.

Vanquished Creatures
  Jessica (D:3)
  3 adders
  2 oozes
  4 worms
  3 dart slugs
  2 leopard geckos (D:1)
  A giant cockroach (D:2)
  3 goblins
  8 hobgoblins
  3 jackals (D:3)
  4 kobolds
  A quokka (D:3)
  A ball python (D:3)
  5 bats
  3 frilled lizards
  7 rats
  2 plants (D:3)
53 creatures vanquished.

Notes
Turn   | Place    | Note
-------+----------+-------------------------------------------
     0 | D:1      | BrotherBolt the Minotaur Monk began the quest for the Orb.
     0 | D:1      | Reached XP level 1. HP: 19/19 MP: 0/0
    72 | D:1      | Reached XP level 2. HP: 27/27 MP: 1/1
   667 | D:2      | Found a shadowy altar of Dithmenos.
   667 | D:2      | Found an ancient bone altar of Kikubaaqudgha.
   672 | D:2      | Found a faded altar of an unknown god.
   677 | D:2      | Found a basalt altar of Yredelemnul.
   679 | D:2      | Found a deep blue altar of Sif Muna.
   735 | D:2      | Reached XP level 3. HP: 33/33 MP: 2/2
  1474 | D:3      | Reached XP level 4. HP: 41/41 MP: 3/3
  1478 | D:3      | Reached skill level 1 in Short Blades
  1537 | D:3      | Found a hide-covered altar of Uskayaw.
  1895 | D:3      | Noticed Jessica
  1904 | D:3      | Killed Jessica
  2055 | D:4      | Reached skill level 1 in Armour
  2086 | D:4      | Noticed Eustachio
  2138 | D:4      | Killed Eustachio
  2138 | D:4      | Killed from afar by Eustachio

Skill      XL: |  1  2  3  4 |
---------------+-------------+-----
Long Blades    | 4 |  4.6
Fighting       | 4 |  4.6
Short Blades   | 1 |  1.6
Dodging        | 4 |  4.0
Stealth        | 2 |  2.0
Armour         | 1 |  1.0

Action                   |  1- 3 |  4- 6 || total
-------------------------+-------+-------++-------
Melee: Falchion          |    20 |       ||    20
       Headbutt          |    12 |    37 ||    49
       Short sword       |    40 |   173 ||   213
  Use: Scroll            |     6 |     2 ||     8
       Potion            |       |     2 ||     2
 Stab: Sleeping          |     1 |       ||     1
  Eat: Ration            |     1 |       ||     1
       Chunk             |     1 |       ||     1
Armor: Robe              |    20 |       ||    20
       Ring mail         |     2 |    11 ||    13
Dodge: Dodged            |    54 |    19 ||    73
       Rpst.: Falchion   |     4 |       ||     4
